Map: Lightshade LE

Players

Mustitier - Winner!

  • Race: Terran Terran
  • League: Master

Déca

  • Race: Protoss Protoss
  • League: Grandmaster

VOD

Have the link to the VOD?

Description

Time

  • Played on: Sept. 11, 2021, 6:48 p.m.
  • Length: 19:11
Show
View Real Time Build Order
Export as new Build Order

Mustitier Terran - Winner!

Build Orders: Reaper Expand 

Get SALT Encoding   

  12  0:00  SCV  
  13  0:12  SCV  
  14  0:17  Supply Depot  
  14  0:24  SCV  
  15  0:39  SCV  
  15  0:40  Barracks  
  16  0:44  Refinery  
  16  0:51  SCV  
  17  1:03  SCV  
  18  1:23  SCV  
  19  1:31  Reaper  
  20  1:35  Orbital Command  
  20  1:49  Command Center  
  20  1:57  Supply Depot  
  20  2:03  Marine  
  20  2:06  SCV  
  22  2:16  Factory  
  22  2:24  Barracks Reactor  
  22  2:26  Bunker  
  22  2:27  SCV  
  23  2:39  SCV  
  23  2:41  Refinery  
  24  2:51  SCV  
  25  3:01  Orbital Command  
  25  3:03  SCV  
  25  3:05  Marine  
  27  3:06  Marine  
  27  3:07  Starport  
  27  3:09  Widow Mine  
  30  3:15  SCV  
  31  3:27  SCV  
  31  3:29  SCV  
  33  3:36  Widow Mine  
  33  3:40  SCV  
  36  3:42  SCV  
  36  3:45  Medivac  
  39  3:49  Marine x2  
  39  3:52  SCV  
  39  3:54  SCV  
  43  3:58  Supply Depot  
  43  4:01  Factory Tech Lab  
  43  4:03  Supply Depot  
  43  4:04  SCV  
  43  4:06  SCV  
  43  4:09  Marine  
  46  4:19  Marine  
  46  4:20  SCV x2  
  49  4:26  Factory Tech Lab  
  49  4:28  Raven  
  49  4:29  Marine  
  49  4:30  Command Center  
  52  4:32  SCV x2  
  52  4:37  Marine  
  55  4:41  Supply Depot  
  55  4:44  SCV x2  
  55  4:45  Siege Tank  
  60  4:56  SCV x2  
  61  5:03  Marine x2  
  63  5:07  Refinery  
  63  5:08  Refinery, SCV x2  
  63  5:09  Barracks x2  
  65  5:16  Supply Depot x2  
  65  5:20  SCV x2  
  61  5:29  Starport Reactor  
  61  5:32  Siege Tank  
  61  5:34  SCV x2  
  65  5:40  Marine x2  
  67  5:46  SCV  
  66  5:56  Orbital Command  
  66  6:00  Marine  
  65  6:13  Marine x2  
  65  6:17  Stimpack  
  65  6:18  Marine, SCV  
  66  6:19  SCV  
  66  6:20  Engineering Bay  
  66  6:21  Factory Reactor, Engineering Bay  
  66  6:24  Marine, Combat Shield  
  68  6:26  Medivac x2  
  68  6:30  SCV  
  68  6:31  Marine, SCV  
  68  6:32  Marauder  
  77  6:35  Barracks  
  77  6:36  Barracks, Marine  
  78  6:41  SCV  
  78  6:42  Marauder  
  78  6:43  SCV  
  82  6:49  Marine  
  82  6:53  Marine, Marauder  
  86  6:55  SCV  
  86  6:56  Medivac  
  86  7:01  Orbital Command  
  89  7:03  Terran Infantry Armor Level 1, Terran Infantry Weapons Level 1  
  89  7:04  Marauder  
  89  7:06  Marine  
  89  7:07  SCV  
  93  7:11  Marine  
  93  7:14  Marauder  
  96  7:21  Missile Turret  
  96  7:22  SCV x2  
  98  7:24  Marine  
  98  7:25  Marauder  
  98  7:29  Marine  
  98  7:34  SCV x2  
  100  7:41  Barracks Reactor x2, Marauder  
  101  7:46  SCV x2  
  101  7:56  Missile Turret  
  101  7:57  Supply Depot  
  101  7:58  Supply Depot x2  
  101  8:00  SCV x3, Marine x3  
  101  8:02  Marine  
  106  8:07  Concussive Shells  
  106  8:10  Widow Mine  
  106  8:12  SCV  
  109  8:14  Supply Depot  
  109  8:15  Armory  
  109  8:18  Medivac x2, Marine, Supply Depot  
  109  8:19  Refinery, Widow Mine, Marine, SCV  
  118  8:21  Refinery  
  118  8:23  Supply Depot  
  118  8:24  Supply Depot  
  118  8:25  Supply Depot  
  118  8:29  Marine  
  118  8:30  Marauder, Marine  
  118  8:32  SCV  
  121  8:37  Marauder  
  121  8:39  Marine  
  124  8:43  SCV  
  123  8:48  Viking x2  
  123  8:51  Marauder  
  123  8:53  Marine x5  
  135  8:55  SCV x2  
  135  8:58  Marauder  
  135  9:01  SCV  
  137  9:07  Missile Turret  
  137  9:12  Marauder  
  137  9:14  Command Center  
  137  9:16  Marine x6  
  145  9:17  Terran Infantry Weapons Level 2  
  145  9:18  Medivac  
  145  9:19  Terran Infantry Armor Level 2, Marauder  
  149  9:30  Ghost Academy  
  149  9:33  Marine  
  149  9:34  Marauder, Marine x4  
  136  9:54  Marauder, Marine x4  
  136  9:55  Marauder, Marine x2  
  142  10:00  SCV  
  143  10:08  Terran Ship Weapons Level 1  
  143  10:09  Enhanced Shockwaves  
  143  10:11  Barracks  
  143  10:12  Marine x2, Barracks  
  143  10:13  Barracks  
  145  10:15  Ghost  
  145  10:16  Marine x4, Ghost  
  145  10:20  Widow Mine  
  145  10:21  Widow Mine  
  157  10:32  Marine  
  157  10:33  Marine  
  157  10:34  Marine x4  
  159  10:44  Ghost x2  
  158  10:50  Marine x2  
  158  10:52  Marine x3  
  161  11:09  Marine x6  
  167  11:12  Ghost  
  167  11:13  Ghost  
  171  11:19  Marine x2  
  171  11:20  Planetary Fortress  
  174  11:27  Medivac x2, Marine x3  
  174  11:31  Barracks Tech Lab  
  173  11:33  Barracks Tech Lab, Missile Turret  
  173  11:34  Barracks Tech Lab, Missile Turret  
  173  11:35  Missile Turret  
  173  11:36  Terran Infantry Armor Level 3, Missile Turret, Marine, Terran Infantry Weapons Level 3  
  163  11:41  Marauder  
  163  11:42  Marauder  
  110  11:57  Medivac x2  
  110  11:58  Marauder, Marine x7  
  122  12:03  Marauder  
  122  12:04  Marauder  
  122  12:05  Marauder  
  122  12:06  Widow Mine  
  132  12:08  Widow Mine  
  132  12:09  SCV  
  133  12:15  Marine  
  133  12:16  Marine x6  
  133  12:19  Marine  
  141  12:24  Marine x2  
  141  12:26  Ghost  
  145  12:33  Marine x3  
  145  12:34  Marauder, Marine x3  
  153  12:37  Marauder  
  153  12:41  Marine  
  153  12:42  Marine  
  146  12:51  Marine x4  
  143  12:59  Marauder, Marine x3  
  140  13:06  Marine  
  140  13:07  Marauder  
  140  13:09  Marine  
  140  13:10  Marine x3, Marauder  
  140  13:11  Medivac x2  
  150  13:17  Marine x2  
  150  13:18  Marauder  
  154  13:20  Marine  
  154  13:24  Marine  
  146  13:27  Marine  
  146  13:28  Marine x2  
  141  13:40  Marine x5  
  141  13:41  Medivac, Marauder  
  135  13:48  Marine  
  135  13:49  Marine, Marauder  
  135  13:50  Marauder, Marine  
  135  13:51  Widow Mine x2  
  146  13:58  Marine x5  
  146  14:00  Medivac  
  146  14:01  Marine, SCV  
  155  14:05  Command Center  
  155  14:06  Marine  
  155  14:07  Marine x2  
  158  14:10  Marine  
  158  14:11  Medivac, Marine  
  158  14:12  Widow Mine x2  
  158  14:16  Marine x2  
  158  14:28  Marauder, Marine x8  
  168  14:31  Medivac  
  168  14:33  Marine  
  168  14:34  Marine  
  172  14:41  Medivac  
  174  14:46  Marine x3  
  174  14:47  Marauder, Marine x4  
  174  14:49  Marine  
  174  14:51  Marine x2  
  186  15:03  Marine  
  186  15:04  Marine  
  186  15:07  Marine  
  144  15:26  Viking  
  134  15:33  Viking  
  134  15:34  Command Center x2  
  136  15:38  Marauder x3  
  119  15:52  Marauder x2  
  119  15:56  Viking  
  123  16:03  Viking  
  129  16:04  Marauder x3  
  128  16:13  Marauder x2  
  116  16:20  Marine  
  121  16:25  Marauder  
  121  16:26  Viking  
  121  16:29  Ghost  
  121  16:31  Ghost  
  121  16:32  Marine  
  126  16:33  Viking  
  126  16:34  Marauder, Ghost  
  132  16:45  Orbital Command  
  132  16:46  Ghost  
  132  16:54  Orbital Command  
  132  16:55  Ghost  
  132  16:56  Viking, Orbital Command  
  133  17:03  Viking  
  133  17:07  Missile Turret  
  133  17:11  Missile Turret  
  132  17:18  Marine x10  
  139  17:24  Marine  
  139  17:42  Starport  
  139  17:50  Marauder x2  
  139  17:51  Marauder x2  
  128  18:07  Marine x4  
  128  18:08  Marine x2  
  128  18:12  Marine x5  
  128  18:20  SCV  
  128  18:25  Marine x4  
  129  18:27  SCV x2  
  129  18:34  SCV  
  132  18:40  Marauder  
  134  18:46  SCV  
Show
View Real Time Build Order
Export as new Build Order

Déca Protoss 

Build Orders: 1 Gate Expand, Blink Stalkers 

Get SALT Encoding   

  12  0:01  Probe  
  13  0:13  Probe  
  14  0:18  Pylon  
  14  0:25  Probe (Chrono Boost)  
  15  0:36  Gateway  
  15  0:37  Probe (Chrono Boost)  
  16  0:45  Probe (Chrono Boost)  
  16  0:46  Assimilator  
  17  0:51  Probe  
  18  1:01  Assimilator  
  18  1:03  Probe (Chrono Boost)  
  19  1:15  Probe (Chrono Boost)  
  20  1:20  Probe (Chrono Boost)  
  20  1:24  Cybernetics Core  
  21  1:40  Nexus  
  21  1:47  Pylon  
  21  1:52  Probe  
  22  1:56  Assimilator  
  22  2:03  Stalker (Chrono Boost)  
  22  2:04  Probe  
  25  2:09  Warp Gate  
  25  2:16  Probe  
  26  2:28  Probe  
  27  2:32  Stalker (Chrono Boost)  
  27  2:37  Twilight Council  
  28  2:40  Probe  
  29  2:52  Probe, Pylon  
  29  2:56  Probe  
  31  3:05  Probe  
  32  3:07  Blink (Chrono Boost)  
  32  3:08  Probe  
  33  3:17  Probe  
  34  3:20  Probe  
  34  3:22  Robotics Facility  
  35  3:29  Probe  
  35  3:32  Probe  
  35  3:34  Gateway  
  37  3:41  Probe  
  38  3:43  Gateway  
  38  3:45  Probe  
  39  3:53  Probe  
  40  3:57  Probe  
  40  3:58  Gateway  
  40  4:00  Stalker  
  43  4:05  Probe  
  43  4:09  Pylon  
  44  4:11  Warp Prism (Chrono Boost)  
  46  4:17  Probe  
  46  4:20  Assimilator  
  47  4:27  Stalker  
  47  4:29  Stalker  
  51  4:37  Stalker  
  53  4:43  Pylon  
  53  4:46  Probe  
  53  4:47  Probe  
  53  4:49  Observer  
  53  4:52  Stalker  
  58  4:59  Stalker x2  
  59  5:03  Probe x2  
  61  5:15  Probe  
  61  5:18  Pylon  
  60  5:29  Charge (Chrono Boost)  
  60  5:32  Stalker x4  
  60  5:34  Probe x2  
  68  5:46  Probe  
  69  5:52  Probe  
  69  5:55  Pylon  
  70  5:58  Probe, Dark Shrine  
  70  6:01  Nexus  
  71  6:04  Probe  
  64  6:13  Stalker x3  
  64  6:18  Stalker  
  72  6:27  Pylon  
  72  6:28  Immortal  
  76  6:36  Probe (Chrono Boost)  
  78  6:41  Probe (Chrono Boost)  
  78  6:45  Probe (Chrono Boost)  
  79  6:49  Probe (Chrono Boost)  
  79  6:52  Gateway  
  79  6:53  Gateway, Sentry, Zealot  
  84  6:55  Gateway  
  84  6:58  Shield Battery  
  84  7:06  Gateway  
  84  7:08  Pylon  
  84  7:18  Dark Templar x2  
  86  7:31  Probe (Chrono Boost)  
  86  7:37  Probe x2 (Chrono Boost)  
  87  7:38  Forge  
  87  7:41  Probe (Chrono Boost)  
  90  7:44  Probe x2 (Chrono Boost)  
  90  7:46  Zealot  
  90  7:47  Probe, Zealot x2  
  90  7:50  Pylon  
  97  7:51  Assimilator  
  97  7:55  Probe, Assimilator  
  98  8:00  Forge x2  
  98  8:04  Probe (Chrono Boost)  
  98  8:05  Probe (Chrono Boost), Zealot x5  
  111  8:16  Probe x2 (Chrono Boost), Protoss Ground Weapons Level 1 (Chrono Boost)  
  112  8:21  Probe (Chrono Boost)  
  112  8:23  Templar Archives, Photon Cannon  
  112  8:24  Probe (Chrono Boost)  
  114  8:29  Protoss Ground Armor Level 1 (Chrono Boost)  
  114  8:30  Zealot x5  
  124  8:35  Pylon  
  124  8:38  Pylon  
  124  8:49  Pylon x2  
  122  8:59  Probe x2  
  122  9:00  Zealot x6  
  122  9:01  Zealot  
  138  9:06  Photon Cannon  
  138  9:12  Psionic Storm  
  138  9:15  Nexus  
  138  9:25  High Templar x3  
  138  9:26  High Templar  
  138  9:27  High Templar  
  138  9:28  High Templar  
  138  9:30  Archon  
  103  10:00  Nexus  
  103  10:01  Probe (Chrono Boost), Pylon  
  103  10:03  Probe (Chrono Boost)  
  103  10:04  Zealot x8  
  103  10:06  Probe (Chrono Boost)  
  122  10:11  Probe (Chrono Boost)  
  122  10:13  Probe (Chrono Boost)  
  125  10:16  Protoss Ground Weapons Level 2 (Chrono Boost)  
  125  10:17  Probe (Chrono Boost)  
  125  10:18  Probe x2 (Chrono Boost)  
  127  10:22  Photon Cannon  
  127  10:24  Probe, High Templar  
  127  10:25  High Templar x2  
  127  10:26  High Templar  
  127  10:27  Probe x2  
  138  10:36  Protoss Ground Armor Level 2 (Chrono Boost)  
  138  10:37  Probe  
  138  10:38  Observer  
  129  10:51  Zealot x4  
  135  10:58  Archon  
  135  11:03  Immortal (Chrono Boost)  
  133  11:09  Zealot x4  
  130  11:20  Gateway  
  130  11:21  Gateway  
  130  11:25  Gateway  
  130  11:27  Zealot x4  
  138  11:34  Zealot x4  
  136  11:44  Archon  
  108  11:47  Archon  
  108  11:49  Zealot x4  
  110  11:56  Robotics Bay  
  110  11:59  Probe (Chrono Boost)  
  110  12:00  Probe (Chrono Boost)  
  110  12:01  Assimilator  
  110  12:02  Assimilator  
  110  12:04  Probe (Chrono Boost)  
  110  12:05  Probe (Chrono Boost)  
  110  12:06  Assimilator  
  111  12:09  Probe (Chrono Boost), Observer (Chrono Boost)  
  111  12:12  High Templar x6  
  111  12:13  Probe x2 (Chrono Boost), High Templar, Nexus  
  128  12:16  Archon x2  
  128  12:17  Archon  
  128  12:22  Observer (Chrono Boost)  
  128  12:29  Pylon  
  129  12:31  Pylon x2  
  129  12:34  Shield Battery  
  129  12:36  Photon Cannon x2  
  129  12:39  Pylon  
  129  12:42  Zealot x4  
  135  12:48  Zealot x4  
  129  12:54  Photon Cannon  
  115  13:04  Zealot x3  
  115  13:05  Zealot x2  
  111  13:10  High Templar x2  
  111  13:11  Shield Battery  
  115  13:15  Protoss Ground Weapons Level 3 (Chrono Boost)  
  106  13:28  Zealot x3  
  106  13:29  Zealot x2  
  104  13:35  High Templar x4  
  106  13:41  Archon x2  
  106  13:43  Zealot  
  106  13:44  Zealot  
  99  13:53  Zealot x5  
  99  13:54  Colossus (Chrono Boost)  
  108  13:56  Extended Thermal Lance (Chrono Boost)  
  114  14:05  High Templar  
  116  14:13  Zealot x4  
  116  14:14  Zealot x3  
  108  14:29  Zealot x2  
  108  14:30  Zealot  
  112  14:36  Dark Templar x2  
  112  14:37  Colossus (Chrono Boost)  
  122  14:47  Nexus  
  122  14:49  High Templar x2  
  126  14:53  Archon  
  118  15:14  Zealot x9  
  88  15:29  High Templar x2  
  88  15:34  Archon  
  86  15:35  Zealot  
  86  15:36  Zealot x7  
  102  15:47  Colossus  
  102  15:49  Zealot  
  90  15:56  Zealot x3  
  96  16:00  High Templar  
  98  16:05  Zealot x2  
  96  16:19  Zealot x5  
  106  16:29  Assimilator  
  106  16:30  Assimilator  
  106  16:32  High Templar  
  108  16:33  Stalker x2  
  112  16:46  Zealot  
  112  16:47  Zealot x4  
  116  16:51  Dark Templar  
  122  17:11  Zealot x4  
  122  17:12  Zealot x4  
  138  17:22  Stalker x2  
  142  17:23  Stalker  
  144  17:35  Stalker  
  144  17:36  Stalker x3  
  150  17:41  High Templar  
  152  17:48  Zealot x2  
  152  17:49  Zealot  
  130  18:25  Zealot x11  
  122  18:59  Zealot x6  
  122  19:00  Zealot x2  
Tags
 
Add a new tag
Caveats
  • Supply blocks, unpowered buildings, or Contaminate may cause inaccurate times.
  • Supply counts are checked every 10 seconds.